 Dungeon Crawl Stone Soup version 0.13.1-27-ga479965 (webtiles) character file.

15840 Chiseanne the Nimble (level 12, 0/85 HPs)
             Began as a Demonspawn Transmuter on Jan 28, 2014.
             Was a High Priest of Makhleb.
             Slain by a black mamba (4 damage)
             ... on Level 1 of the Lair of Beasts.
             The game lasted 01:20:12 (18486 turns).

Chiseanne the Nimble (Demonspawn Transmuter)       Turns: 18486, Time: 01:20:13

HP   0/85        AC 33     Str 12      XL: 12   Next:  2%
MP  25/25        EV 10     Int 21      God: Makhleb [*****.]
Gold 224         SH  0     Dex 12      Spells:  3 memorised, 15 levels left

Res.Fire  : . . .   See Invis. : .   a - +5,+1 long sword (protect)
Res.Cold  : + . .   Warding    : .   i - +5 scale mail "Cyuwkeoxt" {MR++ Curse}
Life Prot.: . . .   Conserve   : .   (no shield)
Res.Poison: .       Res.Corr.  : .   (helmet restricted)
Res.Elec. : .       Clarity    : .   N - +2 cloak "Twophy" {Int+4 Stlth++}
Sust.Abil.: . .     Spirit.Shd : .   e - +0 pair of orc gloves
Res.Mut.  : .       Stasis     : .   R - +0 pair of boots
Res.Rott. : .       Flight     : .   c - amulet of rage
Saprovore : . . .                    B - +2 ring of evasion
                                     o - ring of protection from magic

@: mildly poisoned, extraordinarily resistant to hostile enchantments, very
unstealthy
A: antennae 1, cold resistance 1, spiny 1, AC +10, Dex -3
a: Minor Destruction, Lesser Servant of Makhleb, Major Destruction, Greater
Servant of Makhleb, Renounce Religion, Evoke Berserk Rage


You were on level 1 of the Lair of Beasts.
You worshipped Makhleb.
Makhleb was extremely pleased with you.
You were hungry.

You visited 4 branches of the dungeon, and saw 15 of its levels.

You collected 781 gold pieces.
You spent 577 gold pieces at shops.

Inventory:

Hand weapons
 a - a +5,+1 long sword of protection (weapon)
 y - a +0 blowgun
Missiles
 G - 10 darts of flame (quivered)
Armour
 e - a +0 pair of orcish gloves (worn)
 i - the +5 scale mail "Cyuwkeoxt" (worn) {MR++ Curse}
   (You found it on level 5 of the Dungeon)

   It affects your resistance to hostile enchantments.
   It may recurse itself.
 J - a +1 winged helmet
 N - the +2 cloak "Twophy" (worn) {Int+4 Stlth++}
   (You found it on level 10 of the Dungeon)

   It affects your intelligence (+4).
   It makes you much more stealthy.
 R - a +0 pair of boots (worn)
Magical devices
 g - a wand of paralysis (11)
 F - a wand of disintegration (3)
 O - a wand of digging (5)
 Q - a wand of flame (4)
Comestibles
 t - 11 cheeses
 M - 2 bread rations
Scrolls
 f - 3 scrolls of identify
 j - 5 scrolls of amnesia
 n - 5 scrolls of teleportation
 z - 3 scrolls of enchant weapon I
 L - 3 scrolls of remove curse
 P - a scroll of magic mapping
Jewellery
 c - an amulet of rage (around neck)
 m - an uncursed ring of ice
 o - a ring of protection from magic (left hand)
 B - a +2 ring of evasion (right hand)
Potions
 A - a potion of magic
 C - 5 potions of restore abilities


   Skills:
 * Level 6.4 Fighting
 - Level 6.7 Long Blades
 * Level 6.3 Armour
 * Level 10.1 Dodging
 - Level 3.6 Unarmed Combat
 - Level 6.4 Spellcasting
 - Level 6.0 Transmutations
 * Level 5.6 Invocations
 - Level 4.1 Evocations


You had 15 spell levels left.
You knew the following spells:

 Your Spells              Type           Power        Failure   Level  Hunger
a - Beastly Appendage     Trmt           ####..       4%          1    None
b - Spider Form           Trmt/Pois      ###.......   45%         3    ##.....
c - Ice Form              Ice/Trmt       ###.......   97%         4    ###....


Dungeon Overview and Level Annotations

Branches:
Dungeon (11/27)            Temple (1/1) D:6             Orc (1/4) D:8
   Lair (2/8) D:11

Altars:
Ashenzari
Cheibriados
Elyvilon
Fedhas
Kikubaaqudgha
Makhleb
Nemelex Xobeh
Okawaru
Sif Muna
Trog
Vehumet
Xom
Yredelemnul
Zin
the Shining One

Shops:
D:4 [   D:6 *

Portals:
Volcano: Orc:1


Innate Abilities, Weirdness & Mutations

You have a pair of small antennae on your head.*
You are completely covered in rough black scales (AC +10, Dex -3).*
Your flesh is cold resistant.*
You are partially covered in sharp spines.*


Message History

Drink which item? (? for menu, Esc to quit)
Okay, then.
Use which ability? (? or * to list)
You can't do that.
* * * LOW HITPOINT WARNING * * *
You feel sick. The black mamba bites your hellwing!
Something stings your hellwing!
Your hellwing dies!
You slash the black mamba!
The black mamba is almost dead.
* * * LOW HITPOINT WARNING * * *
You feel sick. The black mamba completely misses you.
The black mamba closely misses you.
You hit the black mamba but do no damage.
The black mamba is almost dead.
The black mamba bites you but does no damage.
You completely miss the black mamba.
The black mamba is almost dead.
The black mamba bites you.
You die...

#.........F### ...... ##
##.........## #(..... ..f##
#P........## .......
.....####........# ##........
.Y....# ##......## #.........
...YY.# ##....## ###........#
......# ##...######.........##
Y.....####.....S#............#
.Y..%..#...###{#@..#P#..P#..##
.....##...## ####.########...#
.....#...########..# ##...#
..YY...####....#P..# #f...# ##
......# ##.....###.###
###...###P ....##
#.......##...# #......... ..##
#........#..## ###....... #
#........#...## ##..)...
##........##...# #...##.


You could see a black mamba.

Vanquished Creatures
  A hydra (Lair:1)
  Fannar (D:10)
  Erica (D:10)
  Joseph (D:10)
  2 trolls (D:10)
  Grinder (D:6)
  A two-headed ogre (D:10)
  A komodo dragon (Lair:1)
  Prince Ribbit (D:5)
  A griffon zombie (D:11)
  The ghost of letownia the Cudgeler, an average GrBe of Trog (D:9)
  A vampire (D:9)
  A trapdoor spider (shapeshifter) (D:9)
  5 hungry ghosts
  17 yaks
  Eustachio (D:4)
  A steam dragon (D:8)
  3 hippogriffs
  A manticore (D:11)
  Menkaure (D:6)
  3 porcupines
  4 necrophages
  A sky beast (D:9)
  6 ice beasts
  A yellow wasp (D:9)
  2 black bears (D:6)
  4 phantoms
  An orc warrior (Orc:1)
  2 crocodiles (Lair:1)
  4 centaurs
  6 ogres
  Sigmund (D:6)
  Duvessa (D:4)
  2 water moccasins
  A giant slug (D:10)
  Blork the orc (D:8)
  A big kobold (D:10)
  A manticore zombie (D:10)
  5 giant frogs
  5 killer bees (D:9)
  2 troll zombies (D:8)
  A yak skeleton (D:7)
  4 wights
  Dowan (D:4)
  11 crimson imps
  A goliath beetle (D:7)
  5 orc priests
  A centaur zombie (D:10)
  8 hounds
  5 worker ants
  5 orc wizards
  5 scorpions
  A gnoll shaman (D:9)
  An orange rat (D:8)
  3 iguanas
  5 sheep (Lair:1)
  4 ogre zombies (D:8)
  A jelly (D:9)
  An ogre skeleton (D:4)
  14 adders
  A giant centipede (D:9)
  4 giant mites
  23 green rats
  5 worms
  A goliath beetle zombie (D:6)
  An iguana zombie (D:9)
  3 giant eyeballs
  4 grey rats (D:8)
  6 giant geckos
  4 oozes
  39 orcs
  3 ball pythons
  16 bats
  6 giant cockroaches
  18 goblins
  22 hobgoblins
  7 giant newts
  2 giant spores (D:8)
  A goblin skeleton (D:8)
  2 goblin zombies (D:8)
  A hobgoblin skeleton (D:8)
  3 hobgoblin zombies (D:8)
  10 jackals
  A jackal skeleton (D:6)
  17 kobolds
  3 orc skeletons (D:8)
  10 orc zombies (D:8)
  2 quokkas
  A quokka skeleton (D:6)
  30 rats
  A rat zombie (D:7)
  2 ballistomycetes (D:8)
423 creatures vanquished.

Vanquished Creatures (collateral kills)
  A troll (D:11)
  A ynoxinul (D:11)
  3 yaks (Lair:1)
  An orc warrior (D:11)
  A centaur (D:11)
  An orc priest (D:11)
  A worker ant (D:11)
  2 sheep (Lair:1)
  An orc (D:11)
  A bat (Lair:1)
  3 fungi (Lair:1)
16 creatures vanquished.

Vanquished Creatures (others)
  2 orange demons (D:11)
  2 hellwings
  A neqoxec (D:11)
  A quasit (D:11)
  3 giant spores (D:9)
9 creatures vanquished.

Grand Total: 448 creatures vanquished

Notes
Turn   | Place    | Note
--------------------------------------------------------------
     0 | D:1      | Chiseanne, the Demonspawn Transmuter, began the quest for the Orb.
     0 | D:1      | Reached XP level 1. HP: 15/15 MP: 1/1
   489 | D:1      | Reached skill level 3 in Unarmed Combat
   541 | D:1      | Gained mutation: You are partially covered in rough black scales (AC +4, Dex -1). [demonic ancestry]
   541 | D:1      | Reached XP level 2. HP: 18/21 MP: 0/3
   974 | D:1      | Gained mutation: You are partially covered in sharp spines. [demonic ancestry]
   974 | D:1      | Reached XP level 3. HP: 19/26 MP: 2/4
  1730 | D:2      | Reached XP level 4. HP: 29/32 MP: 3/6
  1738 | D:2      | Learned a level 3 spell: Spider Form
  2168 | D:2      | Found a deep blue altar of Sif Muna.
  3167 | D:4      | Gained mutation: Your flesh is cold resistant. [demonic ancestry]
  3167 | D:4      | Reached XP level 5. HP: 27/37 MP: 8/8
  3276 | D:4      | Noticed an ogre
  3282 | D:4      | Killed an ogre
  3282 | D:4      | Reached skill level 1 in Evocations
  3358 | D:4      | Noticed Eustachio
  3367 | D:4      | Killed Eustachio
  3367 | D:4      | Reached XP level 6. HP: 22/44 MP: 9/11
  3783 | D:4      | Found Uxuabiw's Antique Armour Shoppe.
  3806 | D:4      | Bought a winged helmet for 82 gold pieces
  3806 | D:4      | Bought a cloak for 33 gold pieces
  4050 | D:4      | Noticed Duvessa
  4050 | D:4      | Noticed Dowan
  4318 | D:4      | Killed Duvessa
  4318 | D:4      | Reached XP level 7. HP: 41/49 MP: 13/13
  4361 | D:4      | Killed Dowan
  4551 | D:5      | Entered Level 5 of the Dungeon
  4749 | D:5      | Learned a level 4 spell: Ice Form
  4790 | D:5      | Reached skill level 4 in Dodging
  4856 | D:5      | Noticed Prince Ribbit
  4858 | D:5      | Reached skill level 1 in Long Blades
  5084 | D:5      | Got a distressingly furry scale mail
  5106 | D:5      | Identified the +5 scale mail "Cyuwkeoxt" {MR++ Curse} (You found it on level 5 of the Dungeon)
  5119 | D:5      | Paralysed by a giant eyeball for 2 turns
  5126 | D:5      | Paralysed by a giant eyeball for 2 turns
  5129 | D:5      | Paralysed by a giant eyeball for 4 turns
  5179 | D:5      | Paralysed by a giant eyeball for 4 turns
  5410 | D:5      | Found a bloodstained altar of Trog.
  5571 | D:5      | Killed Prince Ribbit
  5571 | D:5      | Reached skill level 1 in Armour
  5571 | D:5      | Reached XP level 8. HP: 32/56 MP: 16/16
  5808 | D:5      | Paralysed by a giant eyeball for 4 turns
  6005 | D:6      | Reached skill level 5 in Dodging
  6171 | D:6      | Noticed Grinder
  6205 | D:6      | Killed Grinder
  6458 | D:6      | Noticed Sigmund
  6459 | D:6      | Noticed Menkaure
  6460 | D:6      | Found Ihiaruz's Assorted Antiques.
  6471 | D:6      | Bought a potion of curing for 66 gold pieces
  6471 | D:6      | Bought a potion of curing for 66 gold pieces
  6471 | D:6      | Bought 3 scrolls labeled SKUOVO GIEXTUE for 99 gold pieces
  6732 | D:6      | Killed Sigmund
  7073 | D:6      | Reached XP level 9. HP: 62/62 MP: 18/18
  7079 | D:6      | Found a staircase to the Ecumenical Temple.
  7173 | D:6      | Killed Menkaure
  7173 | D:6      | Reached skill level 6 in Dodging
  7560 | Temple   | Entered the Ecumenical Temple
  7693 | Temple   | Became a worshipper of Makhleb the Destroyer
  8024 | D:7      | Found an iron altar of Okawaru.
  8476 | D:7      | Acquired Makhleb's first power
  8858 | D:8      | Paralysed by a giant eyeball for 4 turns
  8870 | D:8      | Paralysed by a giant eyeball for 3 turns
  9122 | D:8      | Reached skill level 5 in Spellcasting
  9221 | D:8      | Reached skill level 5 in Transmutations
  9241 | D:8      | Reached skill level 7 in Dodging
  9376 | D:8      | Found a staircase to the Orcish Mines.
  9428 | D:8      | Identified the Catalogue of Hexes (You found it on level 8 of the Dungeon)
  9454 | D:8      | Acquired Makhleb's second power
  9957 | D:8      | Gained mutation: You are mostly covered in rough black scales (AC +7, Dex -2). [demonic ancestry]
  9957 | D:8      | Reached XP level 10. HP: 70/70 MP: 21/21
 10183 | D:8      | Noticed Blork the orc
 10216 | D:8      | Killed Blork the orc
 10216 | D:8      | Reached skill level 5 in Long Blades
 10364 | D:8      | Acquired Makhleb's third power
 10521 | D:8      | Found a white marble altar of Elyvilon.
 10860 | D:9      | Reached skill level 1 in Invocations
 11082 | D:9      | Reached skill level 5 in Fighting
 11082 | D:9      | Reached skill level 8 in Dodging
 11086 | D:9      | Reached skill level 5 in Armour
 11103 | D:9      | Acquired Makhleb's fourth power
 11664 | D:9      | Found a glowing golden altar of the Shining One.
 11664 | D:9      | Found a sparkling altar of Nemelex Xobeh.
 11687 | D:9      | Noticed letownia's ghost (average GrBe)
 11705 | D:9      | Killed letownia's ghost
 11796 | D:9      | Gained mutation: You are completely covered in rough black scales (AC +10, Dex -3). [demonic ancestry]
 11796 | D:9      | Reached XP level 11. HP: 77/77 MP: 23/23
 12136 | D:10     | Entered Level 10 of the Dungeon
 12320 | D:10     | Acquired Makhleb's fifth power
 12323 | D:10     | Noticed Fannar
 12491 | D:10     | Killed Fannar
 12753 | D:10     | Got a pitted cloak
 12925 | D:9      | Identified the +2 cloak "Twophy" {Int+4 Stlth++} (You found it on level 10 of the Dungeon)
 13135 | D:6      | Bought a scroll of identify for 66 gold pieces
 13135 | D:6      | Bought a scroll of identify for 66 gold pieces
 13135 | D:6      | Bought a scroll of remove curse for 99 gold pieces
 13248 | Orc:1    | Entered Level 1 of the Orcish Mines
 13650 | Orc:1    | Found a dark tunnel.
 13955 | D:10     | Noticed Joseph
 14360 | D:10     | Killed Joseph
 15742 | D:10     | Reached skill level 9 in Dodging
 16091 | D:10     | Paralysed by you for 5 turns
 16408 | D:10     | Noticed Erica
 16436 | D:10     | Killed Erica
 16877 | D:11     | Reached skill level 5 in Invocations
 17116 | D:11     | Found a staircase to the Lair.
 17130 | Lair:1   | Entered Level 1 of the Lair of Beasts
 17370 | Lair:1   | You fall through a shaft!
 17563 | Lair:1   | Noticed a seven-headed hydra
 17572 | Lair:1   | Killed a seven-headed hydra
 18139 | Lair:1   | Reached skill level 10 in Dodging
 18242 | Lair:1   | Gained mutation: You have a pair of small antennae on your head. [demonic ancestry]
 18242 | Lair:1   | Reached XP level 12. HP: 35/85 MP: 25/25
 18483 | Lair:1   | HP: 4/85 [poisoned by a black mamba]
 18486 | Lair:1   | Slain by a black mamba

Action                   |  1- 3 |  4- 6 |  7- 9 | 10-12 || total
-------------------------+-------+-------+-------+-------++-------
Melee: Unarmed           |   136 |    28 |       |       ||   164
       Mace              |       |   115 |       |       ||   115
       Long sword        |       |    25 |   918 |  1529 ||  2472
Throw: Dart              |       |       |     5 |     1 ||     6
 Cast: Beastly Appendage |    25 |    29 |       |       ||    54
Invok: Lesser Servant of |       |       |       |     9 ||     9
 Abil: Evoke Berserk Rag |       |       |     4 |     4 ||     8
Evoke: Wand              |       |    14 |     8 |    25 ||    47
  Use: Scroll            |       |    12 |     9 |    21 ||    42
       Potion            |       |     1 |    20 |    10 ||    31
 Stab: Invisible         |       |       |     6 |     5 ||    11
       Fleeing           |       |       |       |     1 ||     1
